 Dungeon Crawl Stone Soup version 0.32-a0-953-g508020473e (webtiles) character file.

Game seed: 7485041961384328430

195813 Esekla the Thaumaturge (level 17, -4/133 HPs)
             Began as a Demonspawn Wanderer on Apr 13, 2024.
             Was an Initiate of Gozag.
             Slain by a bunyip (51 damage)
             ... on level 3 of the Swamp on Apr 16, 2024.
             The game lasted 05:29:07 (39101 turns).

Esekla the Thaumaturge (Demonspawn Wanderer)       Turns: 39101, Time: 05:29:08

Health: -4/133     AC: 13    Str: 18    XL:     17   Next: 72%
Magic:  5/34       EV: 13    Int: 18    God:    Gozag
Gold:   2914       SH:  6    Dex: 16    Spells: 2/42 levels left

rFire   + . .        f - +2 falchion (flame)
rCold   + . .        K - +1 buckler
rNeg    . . .        Y - +2 robe {rF+}
rPois   +            L - +4 helmet "Jociq" {rElec Regen+}
rElec   +            (cloak unavailable)
rCorr   .            u - +2 pair of gloves
SInv    .            m - +0 pair of boots
Will    +....        P - amulet of magic regeneration
Stlth   +++          p - ring of poison resistance
HPRegen 1.22/turn    H - +6 ring of strength
MPRegen 0.64/turn

%: no passive effects
@: corroded
A: icy blue scales 3, foul stench 2, powered by death 2, weakness stinger 3
}: 1/15 runes: serpentine
a: Renounce Religion, Potion Petition, Call Merchant, Bribe Branch


You were on level 3 of the Swamp.
You worshipped Gozag.
Gozag was most pleased with you.
You visited 6 branches of the dungeon, and saw 30 of its levels.
You also visited: Sewer, Ossuary, Bailey and Volcano.

You collected 10856 gold pieces.
You spent 4995 gold pieces at shops.
You paid 2947 gold pieces to Gozag.

Inventory:

Hand Weapons
 a - a +5 scimitar
 f - a +2 falchion of flaming (weapon)
 g - the +6 dagger of Locus Delicti {protect, *Rage rF++ Int+4}
   (You found it on level 2 of the Lair of Beasts)

   Int+4:     It affects your intelligence (+4).
   rF++:      It greatly protects you from fire.
   *Rage:     It berserks you when you make melee attacks (+20% chance).
 r - a +2 trident of venom
 s - a +2 dagger of venom
 x - the +1 dagger of Prescription {vamp, *Rage Int+4}
   (You found it on level 7 of the Dungeon)

   Int+4:     It affects your intelligence (+4).
   *Rage:     It berserks you when you make melee attacks (+20% chance).
 z - a +3 falchion of freezing
Missiles
 w - 17 curare-tipped darts
 A - 25 poisoned darts
 N - 16 boomerangs (quivered)
Armour
 e - a +2 robe of cold resistance
 m - a +0 pair of boots (worn)
 u - a +2 pair of gloves (worn)
 K - a +1 buckler (worn)
 L - the +4 helmet "Jociq" (worn) {rElec Regen+}
   (You bought it in a shop on level 1 of the Dungeon)

   rElec:     It insulates you from electricity.
   Regen+:    It increases your rate of health regeneration.
 S - the +0 robe of Sif Muna's Pride {Str+2 Int+4}
   (You found it on level 8 of the Dungeon)

   Str+2:     It affects your strength (+2).
   Int+4:     It affects your intelligence (+4).
 Y - a +2 robe of fire resistance (worn)
 Z - a +2 cloak
Jewellery
 p - a ring of poison resistance (left hand)
 H - a +6 ring of strength (right hand)
 P - an amulet of magic regeneration (around neck)
 T - a ring of resist corrosion
 U - a ring of wizardry
 X - a ring of protection from fire
Wands
 t - a wand of mindburst (17)
 v - a wand of flame (19)
 B - a wand of warping (5)
 C - a wand of acid (30)
Scrolls
 b - 2 scrolls of blinking
 c - 5 scrolls of enchant weapon
 i - 14 scrolls of teleportation
 j - 11 scrolls of poison
 k - 3 scrolls of amnesia
 q - 2 scrolls of silence
 y - a scroll of fog
 F - 6 scrolls of identify
 I - 4 scrolls of fear
 J - 5 scrolls of revelation
Potions
 d - 6 potions of brilliance
 h - 6 potions of curing
 l - 7 potions of haste
 n - 5 potions of enlightenment
 o - 2 potions of berserk rage
 D - 5 potions of magic
 E - 5 potions of might
 G - 5 potions of heal wounds
 M - 3 potions of lignification
 O - 5 potions of attraction
 Q - 2 potions of ambrosia
 R - a potion of cancellation
 V - 3 potions of resistance
 W - 6 potions of invisibility


   Skills:
 * Level 11.9 Fighting
 + Level 3.9(6.4) Short Blades
 + Level 8.0(8.5) Long Blades
 + Level 4.3 Throwing
 + Level 6.1 Dodging
 + Level 6.5 Stealth
 + Level 5.5 Shields
 + Level 1.7 Unarmed Combat
 * Level 13.3 Spellcasting
 + Level 8.1 Conjurations
 * Level 9.2 Necromancy
 + Level 4.4 Translocations
 * Level 8.7 Fire Magic
 * Level 8.6 Ice Magic
 + Level 6.3 Air Magic
 * Level 9.5 Earth Magic
 + Level 7.5 Alchemy
 + Level 2.6 Evocations


You had 2 spell levels left.
You knew the following spells:

 Your Spells              Type           Power      Damage    Failure   Level
a - Ozocubu's Armour      Ice            43%        N/A       1%          3
b - Blink                 Tloc           54%        N/A       1%          2
c - Mephitic Cloud        Conj/Alch/Air  38%        N/A       1%          3
d - Vampiric Draining     Necr           45%        2d9       1%          3
l - Lee's Rapid Deconstr  Erth           23%        3d13*     3%          5
n - Ignite Poison         Fire/Alch      41%        N/A       2%          4
p - Apportation           Tloc           54%        N/A       1%          1
r - Frozen Ramparts       Ice            86%        1d13      1%          3
u - Dispel Undead         Necr           45%        3d17      1%          4
w - Fugue of the Fallen   Necr           45%        N/A       1%          3
y - Sticky Flame          Fire/Alch      41%        2d8       2%          4
z - Freezing Cloud        Conj/Ice/Air   19%        6-21      9%          5

Your spell library contained the following spells:

 Spells                   Type           Power      Damage    Failure   Level
 Freeze                   Ice            100%       1d10      1%          1
 Necrotise                Necr           100%       1d9       1%          1
 Sting                    Conj/Alch      100%       1d9       1%          1
 Cigotuvi's Dreadful Rot  Necr/Alch/Air  78%        N/A       1%          2
 Lesser Beckoning         Tloc           54%        N/A       1%          2
 Mercury Vapours          Alch/Air       74%        N/A       1%          2
 Momentum Strike          Conj/Tloc      68%        3d9       1%          2
 Searing Ray              Conj           82%        2d7       1%          2
 Static Discharge         Conj/Air       76%        3-7/arc   1%          2
 Jinxbite                 Hex            24%        N/A       11%         2
 Hailstorm                Conj/Ice       42%        3d9       1%          3
 Volatile Blastmotes      Fire/Tloc      70%        2d15      1%          3
 Leda's Liquefaction      Alch/Erth      21%        N/A       1%          4
 Fulminant Prism          Conj/Alch      20%        3d12      2%          4
 Maxwell's Portable Pile  Tloc           27%        2d(7-21)  3%          3
 Teleport Other           Tloc           27%        N/A       3%          3
 Olgreb's Toxic Radiance  Alch           39%        N/A       3%          4
 Curse of Agony           Necr           45%        N/A       4%          5
 Iskenderun's Mystic Bla Conj/Tloc 34%            2d8        (+2d4     5%          4
 Iskenderun's Battlesphe  Conj           41%        2d9       7%          5
 Alistair's Intoxication  Alch           26%        N/A       9%          5
 Animate Armour           Summ/Erth      58%        N/A       10%         4
 Martyr's Knell           Necr/Summ      28%        N/A       11%         4
 Summon Lightning Spire   Summ/Air       23%        N/A       19%         4
 Sigil of Binding         Hex            12%        N/A       21%         3
 Death Channel            Necr           22%        N/A       24%         6
 Permafrost Eruption      Ice/Erth       22%        2x4d6     26%         6
 Bombard                  Conj/Erth      21%        9d4       28%         6
 Sculpt Simulacrum        Ice/Alch       20%        N/A       36%         6
 Eringya's Noxious Bog    Alch           19%        4d6       43%         6
 Summon Forest            Summ/Tloc      9%         N/A       61%         5
 Manifold Assault         Tloc           13%        N/A       100%        7
 Spellforged Servitor     Conj/Summ      13%        N/A       100%        7
 Summon Hydra             Summ           6%         N/A       100%        7
 Ignition                 Fire           21%        3d8       100%        8
 Chain Lightning          Conj/Air       19%        3d25      100%        9
 Fire Storm               Conj/Fire      21%        8d5       100%        9
 Shatter                  Erth           23%        3d20*     100%        9


Dungeon Overview and Level Annotations

Branches:
Dungeon (15/15)            Temple (1/1) D:6            Lair (5/5) D:9
  Swamp (3/4) Lair:3        Snake (4/4) Lair:2        Slime (0/5) Lair:4
    Orc (2/2) D:11            Elf (0/3) Orc:2        Vaults (0/5) D:14
 Depths (0/4) D:15          Sewer (visited)         Ossuary (visited)
 Bailey (visited)         Volcano (visited)

Altars:
Ashenzari
Cheibriados
Dithmenos
Fedhas
Gozag
Hepliaklqana
Kikubaaqudgha
Makhleb
Nemelex Xobeh
Okawaru
Qazlal
Ru
Sif Muna
Trog
Uskayaw
Vehumet
Wu Jian
Xom
Yredelemnul
Beogh
Jiyva

Shops:
D:1 [   D:7 [   D:9 [(:   D:15 *   Orc:2 :!:[(   Snake:4 ==:

Annotations:
Lair:2 3 runed translucent doors, Biggs's ghost, journeyman VSBr


Innate Abilities, Weirdness & Mutations

You are completely covered in icy blue scales. (AC +4, rC+)
You sometimes emit foul miasma when damaged in melee.
You regenerate health from kills.
You have a sharp stinger which inflicts weakening toxins.


Message History

The goliath frog hits you from afar! The acid corrodes you!
You are splashed with acid!
The thorn hunter is engulfed in freezing vapours.
Casting: Freezing Cloud (dangerous; 9% risk of failure)
Confirm with . or Enter, or press ? or * to list all spells.
Aiming: Vampiric Draining (safe; 1% risk of failure)
Press: ? - help, Shift-Dir - straight line, f - bunyip
Aim: a bunyip (freezing vapour, severely wounded, strong, catching its breath)
You draw life force from the bunyip!
You feel life coursing into your body.
The briar patch crumbles away.
The goliath frog is engulfed in freezing vapours.
You block the goliath frog's attack.
The thorn hunter is engulfed in freezing vapours.
The thorn hunter hits you! x2
A tyrant leech comes into view.
Casting: Vampiric Draining (safe; 1% risk of failure)
Confirm with . or Enter, or press ? or * to list all spells.
Aiming: Vampiric Draining (safe; 1% risk of failure)
Press: ? - help, Shift-Dir - straight line, f - thorn hunter, p - bunyip
Aim: a thorn hunter (freezing vapour, almost destroyed)
You draw life force from the thorn hunter.
You feel life coursing into your body.
The goliath frog is engulfed in freezing vapours.
The goliath frog hits you from afar! The acid corrodes you!
You are splashed with acid!
The thorn hunter is engulfed in freezing vapours.
The thorn hunter is distracted by your dazzling golden aura.
Casting: Vampiric Draining (safe; 1% risk of failure)
Confirm with . or Enter, or press ? or * to list all spells.
Aiming: Vampiric Draining (safe; 1% risk of failure)
Press: ? - help, Shift-Dir - straight line, f - bunyip, p - thorn hunter
Aim: a bunyip (freezing vapour, almost dead, strong, catching its breath)
You draw life force from the bunyip.
You feel life coursing into your body.
The goliath frog is engulfed in freezing vapours.
The goliath frog seems to slow down.
You block the goliath frog's attack.
The thorn hunter is engulfed in freezing vapours.
The bunyip is engulfed in freezing vapours.
The bunyip closely misses you. x2; The bunyip claws you!!!
You die...
Your body crumbles into a pile of gold.

..~~ ...~~.~♣
♣♣♣§.~~w.♣ ♣♣.
♣.~.~~~§.♣ .~f♣
...~~~§§§♣♣♣♣♣~~~♣
~~~~~P§§§♣§°○§~~~♣
~§~....F§§☼§~.☼♣♣
~~~.[PP§§.§§°§~~♣
~~~.~P$@x°§~~~~.♣
...~~~♣~f☼§~~~~~♣
..... ♣♣○§§.~~~♣♣♣♣
~~♣♣ ♣♣~♣.~~~♣§.♣ ~
♣..♣♣.~.♣.~♣
♣.PPP.~~~..~♣
~~PPPP~~~~~..♣♣♣♣♣
..~~~~~~~~~.~~.♣♣~♣♣
~~~.§~~~~~.~~~.~~~.♣


You could see a thorn hunter, a bunyip (strong, catching breath), a tyrant leech
and a goliath frog (slow).

Vanquished Creatures
  Kirke (Lair:4)
  12 nagarajas (Snake:4)
  2 stone giants
  2 eleionomae (Swamp:1)
  A bunyip (Swamp:1)
  Josephine (D:15)
  6 vault guards (D:14)
  2 ogre magi (Orc:2)
  7 hydras
  Erolcha (D:13)
  6 anacondas
  2 boulder beetles
  2 salamander tyrants
  4 catoblepae
  3 centaur warriors
  6 alligators
  2 ghost crabs (Swamp:1)
  5 two-headed ogres
  13 death yaks
  An orc high priest (D:12)
  5 shock serpents
  12 naga warriors
  15 naga sharpshooters
  Sonja (Lair:5)
  5 salamander mystics
  A death drake (Swamp:2)
  2 skysharks
  4 skeletal warriors
  5 mana vipers
  3 swamp dragons
  2 goliath frogs (Swamp:2)
  5 naga ritualists
  An obsidian statue (Volcano)
  4 sea snakes (Snake:1)
  3 spriggan druids
  2 bog bodies
  3 obsidian bats (Orc:2)
  7 deep elf pyromancers
  3 orc knights
  5 cyclopes
  9 orc sorcerers
  A will-o-the-wisp (Swamp:1)
  4 manticores
  4 ugly things
  15 elephants
  13 salamanders
  10 guardian serpents
  56 black mambas
  4 kobold blastminers
  15 naga magi
  14 cane toads
  5 gargoyles
  Maggie (D:6)
  3 unseen horrors
  11 komodo dragons
  2 rime drakes
  An efreet (Volcano)
  A tengu conjurer (D:9)
  9 trolls
  6 tyrant leeches
  A polar bear (Lair:3)
  8 hornets
  Grinder (D:3)
  4 blink frogs (Lair:3)
  6 spriggans
  A vampire (D:12)
  18 slime creatures
  Sigmund (D:5)
  3 shadows
  26 yaks
  8 wraiths
  2 wyverns (D:9)
  2 hogs (Lair:4)
  4 fire bats (Volcano)
  5 basilisks
  2 wargs
  4 humans (D:14)
  13 vampire mosquitoes
  A steam dragon (D:9)
  10 swamp worms
  Edmund (D:6)
  39 nagas
  14 water moccasins
  31 orc warriors
  Pargi (Sewer)
  3 ice beasts
  3 swamp drakes
  3 black bears
  12 ogres
  10 wolves
  8 centaurs
  2 kobold brigands (D:9)
  3 elf zombies (Ossuary)
  8 bullfrogs
  A gnoll sergeant (D:7)
  6 scorpions
  A wyvern zombie (D:7)
  A brain worm (Sewer)
  5 earth elementals (Volcano)
  A burial acolyte (D:7)
  9 wights
  3 jellies
  9 killer bees
  5 howler monkeys
  5 electric eels
  4 bombardier beetles
  2 centaur zombies (D:7)
  4 lava snakes (Volcano)
  2 hounds (D:5)
  A human zombie (D:7)
  Crazy Yiuf (D:4)
  12 orc priests
  38 orc wizards
  Ijyb (D:3)
  An iguana (D:5)
  Natasha (twice) (D:3)
  4 killer bee zombies (D:7)
  A hound zombie (Ossuary)
  4 mummies (Ossuary)
  A howler monkey zombie (D:7)
  6 adders
  3 gnolls (D:7)
  A shadow imp (D:6)
  A white imp (D:7)
  4 ufetubi (D:5)
  A dart slug (D:14)
  8 ribbon worms
  106 orcs
  7 bats
  6 endoplasms
  3 giant cockroaches
  11 goblins
  8 hobgoblins
  7 jackals
  2 quokkas (D:4)
  10 ball pythons
  3 frilled lizards
  A gnoll zombie (Ossuary)
  2 goblin zombies (Ossuary)
  A hobgoblin zombie (Ossuary)
  2 jackal zombies (Ossuary)
  23 kobolds
  13 rats
  4 rat zombies
966 creatures vanquished.

Vanquished Creatures (others)
  A vault guard (D:14)
  3 bloated husks (Swamp:2)
  A spriggan (Swamp:1)
  A yak (Lair:5)
  A human (D:14)
  A swamp worm (Swamp:1)
  An orc wizard (Orc:2)
  A kobold (D:9)
  16 foxfires (Swamp:1)
26 creatures vanquished.

Grand Total: 992 creatures vanquished

Notes
Turn   | Place    | Note
-------+----------+-------------------------------------------
     0 | D:1      | Esekla the Demonspawn Wanderer began the quest for the Orb.
     0 | D:1      | Esekla set off with the following items: a +0 dagger, a
                  | scroll of blinking, a wand of polymorph (6), a potion of
                  | brilliance, a +0 robe, a potion of heal wounds; and the
                  | following spell memorised: Sting; and the following spells
                  | available to memorise: Mephitic Cloud.
     0 | D:1      | Reached XP level 1. HP: 13/13 MP: 3/3
   385 | D:1      | Gained mutation: You regenerate a little health from kills.
                  | [demonic ancestry]
   385 | D:1      | Reached XP level 2. HP: 15/20 MP: 0/5
   570 | D:1      | Found Niezexti's Armour Shoppe.
  1317 | D:2      | Gained mutation: You have a small tail. [demonic ancestry]
  1317 | D:2      | Reached XP level 3. HP: 25/25 MP: 4/6
  1324 | D:2      | Learned a level 3 spell: Mephitic Cloud
  1617 | D:2      | Reached skill level 1 in Short Blades
  1831 | D:2      | Reached skill level 1 in Conjurations
  1999 | D:2      | Reached skill level 1 in Fighting
  2618 | D:3      | Gained mutation: You are partially covered in icy blue
                  | scales. (AC +2) [demonic ancestry]
  2618 | D:3      | Reached XP level 4. HP: 24/32 MP: 3/7
  2847 | D:3      | Reached skill level 1 in Air Magic
  2888 | D:3      | Noticed Ijyb
  2994 | D:3      | Killed Ijyb
  3002 | D:3      | Noticed Grinder
  3100 | D:3      | Gained mutation: You regenerate health from kills. [demonic
                  | ancestry]
  3100 | D:3      | Reached XP level 5. HP: 37/37 MP: 5/9
  3160 | D:3      | Noticed Natasha
  3168 | D:3      | Killed Natasha
  3301 | D:4      | Reached skill level 3 in Spellcasting
  3520 | D:4      | Found a sand-covered staircase.
  3542 | Ossuary  | Entered an ossuary
  3556 | Ossuary  | Reached skill level 1 in Dodging
  3583 | Ossuary  | Reached XP level 6. HP: 43/44 MP: 10/10
  3641 | Ossuary  | Reached skill level 1 in Long Blades
  3998 | D:4      | Gained mutation: You are mostly covered in icy blue scales.
                  | (AC +3) [demonic ancestry]
  3998 | D:4      | Reached XP level 7. HP: 48/50 MP: 10/12
  4203 | D:4      | Found a runed translucent door.
  4204 | D:4      | Noticed Crazy Yiuf
  4285 | D:5      | Entered Level 5 of the Dungeon
  5001 | D:5      | Reached XP level 8. HP: 49/58 MP: 10/13
  5093 | D:5      | Noticed Sigmund
  5108 | D:5      | Killed Sigmund
  5109 | D:5      | Reached skill level 4 in Spellcasting
  5717 | D:6      | Found a staircase to the Ecumenical Temple.
  5727 | Temple   | Entered the Ecumenical Temple
  5776 | Temple   | Became a worshipper of Gozag Ym Sagoz the Greedy
  5819 | D:6      | Found a glowing drain.
  5859 | Sewer    | Entered a sewer
  5859 | Sewer    | Noticed Pargi
  5867 | Sewer    | Killed Pargi
  6234 | D:6      | Noticed Maggie
  6249 | D:6      | Killed Maggie
  6250 | D:6      | Reached skill level 5 in Conjurations
  6250 | D:6      | Gained mutation: You may rarely emit foul miasma when
                  | damaged in melee. [demonic ancestry]
  6250 | D:6      | Reached XP level 9. HP: 66/66 MP: 8/15
  6366 | D:6      | Found a burning altar of Makhleb.
  6540 | D:6      | Noticed Edmund
  6679 | D:6      | Found a shadowy altar of Dithmenos.
  6750 | D:6      | Killed Edmund
  7075 | D:7      | Reached skill level 5 in Fighting
  7280 | D:7      | Reached skill level 5 in Spellcasting
  7287 | D:7      | Found Avajao's Armour Shop.
  7294 | D:7      | Identified the +1 dagger of Prescription {vamp, *Rage
                  | Int+4}
  7634 | D:7      | Found an ancient bone altar of Kikubaaqudgha.
  7807 | D:7      | Reached skill level 5 in Long Blades
  8100 | D:1      | Bought the +4 helmet "Jociq" {rElec Regen+} for 423 gold
                  | pieces
  8322 | D:3      | Noticed Natasha
  8333 | D:3      | Killed Natasha
  8445 | D:3      | Paralysed by Grinder for 5 turns
  8453 | D:3      | Killed Grinder
  8575 | D:4      | Killed Crazy Yiuf
  8784 | D:8      | Reached skill level 1 in Shields
  8801 | D:8      | Reached XP level 10. HP: 60/74 MP: 18/18
  8875 | D:8      | Identified the +0 robe of Sif Muna's Pride {Str+2 Int+4}
  9608 | D:9      | Found a broken altar of Ashenzari.
  9613 | D:9      | Found a radiant altar of Vehumet.
  9617 | D:9      | Identified the +6 quarterstaff of the Endless Hells {pain,
                  | rCorr Int+5}
  9629 | D:9      | Found a shimmering blue altar of Sif Muna.
  9717 | D:9      | Found a staircase to the Lair.
  9759 | D:9      | Reached skill level 1 in Earth Magic
  9807 | D:9      | Found a flagged portal.
  9882 | Bailey   | Entered a bailey
 10093 | Bailey   | Noticed an orc knight
 10111 | Bailey   | Killed an orc knight
 10210 | Bailey   | Found a large runed translucent door.
 10210 | Bailey   | Found a large runed translucent door.
 10211 | Bailey   | Noticed a deep elf pyromancer
 10269 | Bailey   | Killed a deep elf pyromancer
 10305 | Bailey   | Identified the +1 robe of Tenacity {rCorr MP+9 Int-5 Dex-3}
 10445 | D:9      | Upgraded the game from 0.32-a0-931-g5a2cda0630 to
                  | 0.32-a0-933-ga8fa3634e4
 10484 | D:9      | Found Ovekeyd's Armour Shoppe.
 10507 | D:9      | Bought a +2 robe of cold resistance for 247 gold pieces
 10767 | D:9      | Reached skill level 5 in Alchemy
 11022 | D:9      | Noticed a two-headed ogre
 11035 | D:9      | Reached skill level 6 in Spellcasting
 11056 | D:9      | Killed a two-headed ogre
 11057 | D:9      | Reached XP level 11. HP: 80/83 MP: 6/20
 11254 | D:10     | Entered Level 10 of the Dungeon
 11254 | D:10     | Noticed a two-headed ogre
 11254 | D:10     | Found a blossoming altar of Fedhas.
 11260 | D:10     | Killed a two-headed ogre
 11285 | D:10     | Noticed a two-headed ogre
 11327 | D:10     | Killed a two-headed ogre
 12306 | D:11     | Noticed a two-headed ogre
 12322 | D:11     | Reached skill level 1 in Throwing
 12341 | D:11     | Killed a two-headed ogre
 12352 | D:11     | Learned a level 5 spell: Lee's Rapid Deconstruction
 12681 | D:11     | Reached skill level 7 in Spellcasting
 12771 | D:11     | Noticed a boulder beetle
 12801 | D:11     | Killed a boulder beetle
 12843 | D:11     | Reached skill level 5 in Air Magic
 12872 | D:11     | Found a staircase to the Orcish Mines.
 13269 | D:11     | Reached XP level 12. HP: 87/92 MP: 18/22
 13447 | D:12     | Noticed a two-headed ogre
 13474 | D:12     | Killed a two-headed ogre
 13690 | D:11     | Learned a level 4 spell: Ignite Poison
 13696 | D:11     | Learned a level 5 spell: Freezing Cloud
 13766 | D:12     | Noticed a boulder beetle
 13784 | D:12     | Killed a boulder beetle
 14722 | D:12     | Reached skill level 1 in Ice Magic
 14730 | D:12     | Reached skill level 1 in Fire Magic
 14948 | D:12     | Noticed an orc high priest
 15169 | D:12     | Killed an orc high priest
 15170 | D:12     | Reached skill level 8 in Spellcasting
 15580 | D:13     | Reached skill level 5 in Earth Magic
 15681 | D:13     | Learned a level 3 spell: Vampiric Draining
 15859 | D:13     | Noticed a centaur warrior
 15882 | D:13     | Killed a centaur warrior
 16261 | D:13     | Noticed Erolcha
 16268 | D:13     | Killed Erolcha
 16269 | D:13     | Reached skill level 1 in Necromancy
 16866 | Lair:1   | Entered Level 1 of the Lair of Beasts
 17144 | Lair:1   | Gained mutation: You have a tail ending in a sharp stinger.
                  | [demonic ancestry]
 17144 | Lair:1   | Reached XP level 13. HP: 101/101 MP: 21/25
 17164 | Lair:1   | Reached skill level 5 in Stealth
 18029 | D:9      | Bought Witchcraft and How To Use It for 288 gold pieces
 18032 | D:9      | Learned a level 2 spell: Blink
 18189 | Lair:2   | Found a runed translucent gate.
 18189 | Lair:2   | Found a runed translucent gate.
 18189 | Lair:2   | Found a runed translucent gate.
 18190 | Lair:2   | Noticed Biggs's ghost (journeyman VSBr)
 18285 | Lair:2   | Found a staircase to the Snake Pit.
 18423 | Lair:2   | Reached skill level 1 in Translocations
 18751 | Lair:2   | Identified the +6 dagger of Locus Delicti {protect, *Rage
                  | rF++ Int+4}
 19273 | Lair:3   | Reached skill level 5 in Dodging
 19785 | Lair:3   | Reached skill level 9 in Spellcasting
 19967 | Lair:3   | Found a staircase to the Swamp.
 20362 | Lair:4   | Noticed Kirke
 20383 | Lair:4   | Killed Kirke
 20477 | Lair:4   | Gained mutation: You are completely covered in icy blue
                  | scales. (AC +4, rC+) [demonic ancestry]
 20477 | Lair:4   | Reached XP level 14. HP: 109/109 MP: 20/27
 20767 | Lair:4   | Found a staircase to the Slime Pits.
 20767 | Lair:4   | Found a viscous altar of Jiyva.
 21230 | Lair:5   | Entered Level 5 of the Lair of Beasts
 21472 | Lair:5   | Reached skill level 5 in Fire Magic
 21776 | Lair:5   | Reached skill level 5 in Necromancy
 22389 | Lair:5   | Reached skill level 5 in Ice Magic
 22459 | Lair:5   | Noticed Sonja
 22467 | Lair:5   | Killed Sonja
 22468 | Lair:5   | Reached skill level 10 in Spellcasting
 22502 | Lair:5   | Reached skill level 10 in Fighting
 22891 | Orc:1    | Entered Level 1 of the Orcish Mines
 22978 | Orc:2    | Entered Level 2 of the Orcish Mines
 22979 | Orc:2    | Found a staircase to the Elven Halls.
 23177 | Orc:2    | Found a dark tunnel.
 23279 | Orc:2    | Bought the +4 rapier of Kimump {flame, Will+ Str+2 SInv
                  | Stlth+} for 663 gold pieces
 23283 | Volcano  | Entered a volcano
 23429 | Volcano  | Noticed a stone giant
 23455 | Volcano  | Killed a stone giant
 23653 | Volcano  | Found a bloodstained altar of Trog.
 23741 | Volcano  | Found a radiant altar of Vehumet.
 24250 | Orc:1    | Gained mutation: You sometimes emit foul miasma when
                  | damaged in melee. [demonic ancestry]
 24250 | Orc:1    | Reached XP level 15. HP: 115/115 MP: 24/29
 24834 | Orc:2    | Found Sado's Book Emporium.
 24925 | Orc:2    | Found an ancient bone altar of Kikubaaqudgha.
 24959 | Orc:2    | Found a radiant altar of Vehumet.
 25045 | Orc:2    | Found Wuopocw's Book Emporium.
 25387 | Orc:2    | Found a roughly hewn altar of Beogh.
 25387 | Orc:2    | Found Ygugakemi's Antique Armour Emporium.
 25464 | Orc:2    | Found Xyxis's Distillery.
 25512 | Orc:2    | Bought a book of Annihilations for 840 gold pieces
 25601 | D:9      | Bought an Everburning Encyclopedia for 608 gold pieces
 25606 | D:9      | Learned a level 4 spell: Sticky Flame
 25791 | Orc:2    | Bought a book of Decay for 312 gold pieces
 25796 | Orc:2    | Learned a level 4 spell: Dispel Undead
 25905 | D:9      | Bought a book of Frost for 320 gold pieces
 25909 | D:9      | Learned a level 3 spell: Frozen Ramparts
 26755 | D:14     | Reached skill level 5 in Shields
 26823 | D:14     | Found a gate to the Vaults.
 26927 | D:14     | Found a snail-covered altar of Cheibriados.
 27197 | D:15     | Entered Level 15 of the Dungeon
 27219 | D:15     | Noticed Josephine
 27234 | D:15     | Killed Josephine
 28283 | D:15     | Found a staircase to the Depths.
 28457 | D:15     | Upgraded the game from 0.32-a0-933-ga8fa3634e4 to
                  | 0.32-a0-938-g40ac7a0f4d
 28462 | D:15     | Bought a scroll labelled OSOLIU LAPTEG for 33 gold pieces
 28462 | D:15     | Bought a gilded ring for 165 gold pieces
 28668 | Orc:2    | Bought a potion of berserk rage for 90 gold pieces
 28753 | Orc:2    | Bought a +2 falchion of flaming for 226 gold pieces
 29135 | Snake:1  | Entered Level 1 of the Snake Pit
 29177 | Snake:1  | Reached skill level 11 in Spellcasting
 29980 | Snake:1  | Learned a level 1 spell: Apportation
 30961 | Snake:2  | Reached XP level 16. HP: 105/124 MP: 22/31
 32186 | Snake:2  | Found a huge runed translucent gate.
 32186 | Snake:2  | Found a huge runed translucent gate.
 32187 | Snake:2  | Found a huge runed translucent gate.
 32187 | Snake:2  | Found a huge runed translucent gate.
 32187 | Snake:2  | Found a huge runed translucent gate.
 32210 | Snake:2  | Identified the +6 chain mail "Dionla Fooze" {Int+4}
 32838 | Snake:3  | Reached skill level 12 in Spellcasting
 33736 | Snake:4  | Entered Level 4 of the Snake Pit
 34124 | Snake:4  | Gained mutation: You have a sharp stinger which inflicts
                  | weakening toxins. [demonic ancestry]
 34124 | Snake:4  | Reached XP level 17. HP: 31/131 MP: 27/33
 34930 | Snake:4  | Found Viwutaghei's Jewellery Boutique.
 34932 | Snake:4  | Found Eroipn's Book Shoppe.
 34933 | Snake:4  | Found Aleme's Jewellery Boutique.
 34944 | Snake:4  | Bought a Young Poisoner's Handbook for 300 gold pieces
 34944 | Snake:4  | Bought a book of Battle for 480 gold pieces
 34948 | Snake:4  | Learned a level 3 spell: Fugue of the Fallen
 34952 | Snake:4  | Learned a level 3 spell: Ozocubu's Armour
 35618 | Snake:4  | Reached skill level 13 in Spellcasting
 35791 | Snake:4  | Got a serpentine rune of Zot
 35806 | Snake:4  | Upgraded the game from 0.32-a0-938-g40ac7a0f4d to
                  | 0.32-a0-953-g508020473e
 35977 | Swamp:1  | Entered Level 1 of the Swamp
 39101 | Swamp:3  | Slain by a bunyip

Illustrated notes

Levels and vault maps discovered:
D:1:      saegor_arrival_under_anarchy, layout_loops_corners, serial_shops,
          shop_fountains
D:2:      minmay_diamond_boxcup, layout_basic, grunt_ministairs_10
D:3:      minmay_inner_zag, layout_rooms, uniq_natasha, uniq_grinder, uniq_ijyb
D:4:      layout_rooms, enter_ossuary_4, uniq_crazy_yiuf_cottage
D:5:      layout_gridville, uniq_sigmund
D:6:      layout_gridville, nicolae_dithmenos_through_a_glass_darkly,
          mainiacjoe_overflow_catwalk, minmay_temple_entry_gardened_gates,
          cheibrodos_sewer_entry_drain, uniq_maggie, uniq_edmund
D:7:      layout_cave_pools, lemuel_mausoleum_altar_kikubaaqudgha, serial_shops,
          nicolae_shop_tiny_statue_garden, serial_co_window_serial,
          co_window_paths_a, co_window_paths_b, co_window_corner_a,
          co_window_paths_b, co_window_corner_a, co_window_2corner,
          co_window_of_opportunity_c, co_window_corner_b, co_window_cross_2,
          co_window_broadway_a, co_window_2corner, co_window_corner_cb,
          glass_columns_c, glass_columns_a
D:8:      layout_rooms, special_room [special_room_orc], nicolae_lava_and_water
D:9:      kennysheep_big_flooded_room, layout_basic,
          grunt_temple_overflow_cloverleaf, enter_bailey_3, serial_shops,
          nicolae_diamond_shop, st_stairs_12
D:10:     layout_loops_ring, fedhas_altar_2
D:11:     layout_basic, hiddenorc1_lemuel
D:12:     layout_small_grid, minmay_orc_keep
D:13:     layout_loops_ring, serial_library,
          serial_library_hellmonk_long_bookcase,
          serial_library_hellmonk_angled_corner,
          serial_library_hellmonk_reading_circle,
          serial_library_hellmonk_room_c, serial_library_hellmonk_long_bookcase,
          serial_library_hellmonk_room_b, serial_library_hellmonk_junction,
          drop_trap, minmay_holes, uniq_erolcha
D:14:     layout_loops_corners, ximxim_vaults_locker_room,
          kennysheep_slug_shrine
D:15:     grunt_enter_depths_giant_problem, layout_cross, uniq_josephine
Temple:   eino_temple_water
Lair:1:   layout_layer_cave
Lair:2:   layout_roguey, minmay_snake_entry_six_corridors,
          ebering_ghost_rock_garden
Lair:3:   layout_regular_city, mainiacjoe_swamp_entry_lozenge_pond,
          infiniplex_staircase_pool, grunt_megastairs_3
Lair:4:   layout_regular_city, minmay_slime_entry_pillars, lemuel_old_faithful,
          uniq_kirke
Lair:5:   evilmike_catoblepas_cave, layout_gridlike, uniq_sonja
Swamp:1:  layout_basic_swamp, nicolae_swamp_well_well_well
Swamp:2:  layout_basic_swamp, nicolae_swamp_ascending_descending_big
Swamp:3:  layout_basic_swamp, nicolae_swamp_oxbows
Snake:1:  layout_onion, grunt_ministairs_9, serial_bayou_shore_a
Snake:2:  layout_chambers, hangedman_venom_bottle
Snake:3:  layout_grid_maze
Snake:4:  grunt_snake_rune_spirals, layout_onion,
          nicolae_snake_guarding_the_ruins, minmay_shop_grove
Orc:1:    layout_diamond_mine
Orc:2:    kennysheep_orc_mage_school, layout_caves, enter_volcano_1

Skill      XL: |  1  2  3  4  5  6  7  8  9 10 11 12 13 14 15 16 17 |
---------------+----------------------------------------------------+-----
Short Blades   | 1 2 3 |  3.9
Conjurations   | 1 2 3 5 6 7 8 |  8.1
Fighting       | 1 2 3 4 5 6 7 9 10 11 | 11.9
Air Magic      | 1 2 3 4 5 6 |  6.3
Spellcasting   | 3 4 5 6 7 8 9 10 11 12 13 | 13.3
Dodging        | 1 2 3 4 5 6 |  6.1
Long Blades    | 2 3 4 5 6 7 8 |  8.0
Stealth        | 2 3 4 5 6 |  6.5
Alchemy        | 4 5 6 7 |  7.5
Shields        | 1 3 4 5 |  5.5
Earth Magic    | 3 4 5 7 8 9 |  9.5
Throwing       | 1 2 3 4 |  4.3
Ice Magic      | 2 4 5 6 8 |  8.6
Fire Magic     | 3 4 5 7 8 |  8.7
Necromancy     | 1 4 5 7 8 9 |  9.2
Translocations | 3 4 |  4.4
Unarmed Combat | |  1.7
Evocations     | |  2.6

Action                     |  1- 3 |  4- 6 |  7- 9 | 10-12 | 13-15 | 16-18 || total
---------------------------+-------+-------+-------+-------+-------+-------++-------
  Melee: Dagger            |   121 |    67 |    14 |   243 |   509 |   206 ||  1160
         Tailslap          |     1 |    27 |    38 |    94 |   173 |    67 ||   400
         Great sword       |       |    65 |       |       |       |       ||    65
         Falchion          |       |    17 |    98 |       |    67 |    49 ||   231
         Scimitar          |       |       |   132 |   267 |   104 |    50 ||   553
         Rapier            |       |       |       |       |     3 |       ||     3
         Unarmed           |       |       |       |       |       |     4 ||     4
  Throw: Dart              |       |       |    16 |    19 |   145 |    12 ||   192
         Boomerang         |       |       |     1 |    22 |    46 |   130 ||   199
   Cast: Sting             |    48 |    51 |    95 |   132 |       |       ||   326
         Mephitic Cloud    |     1 |     2 |    18 |    73 |    78 |    13 ||   185
         Ignite Poison     |       |       |       |    27 |   117 |    17 ||   161
         Lee's Rapid Decon |       |       |       |     5 |    22 |       ||    27
         Freezing Cloud    |       |       |       |     2 |    90 |   104 ||   196
         Blink             |       |       |       |       |    11 |     2 ||    13
         Sticky Flame      |       |       |       |       |     7 |    29 ||    36
         Frozen Ramparts   |       |       |       |       |     6 |    38 ||    44
         Dispel Undead     |       |       |       |       |     4 |     3 ||     7
         Apportation       |       |       |       |       |       |   131 ||   131
         Vampiric Draining |       |       |       |       |       |    45 ||    45
         Ozocubu's Armour  |       |       |       |       |       |    11 ||    11
 Invoke: Call Merchant     |       |       |       |       |     4 |       ||     4
  Evoke: Wand              |       |       |    12 |     4 |       |     3 ||    19
    Use: Potion            |       |     2 |       |     1 |     3 |     9 ||    15
         Scroll            |       |     6 |     3 |     9 |    15 |     2 ||    35
   Stab: Sleeping          |     6 |     2 |    11 |     7 |    16 |     6 ||    48
         Confused          |     2 |       |     1 |    29 |    27 |     6 ||    65
         Distracted        |       |       |       |     9 |     4 |     1 ||    14
         Petrified         |       |       |       |       |     7 |       ||     7
 Armour: Robe              |    87 |   103 |   170 |   308 |   441 |   437 ||  1546
         Skin              |       |       |       |       |       |     1 ||     1
  Dodge: Dodged            |    63 |    97 |   156 |   297 |   301 |   213 ||  1127
  Block: Buckler           |       |       |       |    77 |   148 |   120 ||   345

Table legend: (Time is in decaauts)
 A = Elapsed time spent in this place.
 B = Non-inter-level travel time spent in this place.
 C = Inter-level travel time spent in this place.
 D = Time resting spent in this place.
 E = Time spent auto-exploring this place.
 F = Levels seen in this place.
 G = Mean time per level.
                   A        B        C        D        E       F      G
               +--------+--------+--------+--------+--------+-----+--------+
         Total |  39485 |  37016 |   2469 |  10115 |   7946 |  34 | 1161.3 |
       Dungeon |  18569 |  17106 |   1463 |   3750 |   4427 |  15 | 1237.9 |
        Temple |     66 |      1 |     65 |      0 |      0 |   1 |   66.0 |
          Lair |   6798 |   6508 |    290 |   1765 |   1535 |   5 | 1359.6 |
         Swamp |   2510 |   2489 |     21 |   1228 |    293 |   3 |  836.7 |
     Snake Pit |   6993 |   6784 |    209 |   2479 |   1155 |   4 | 1748.2 |
  Orcish Mines |   2596 |   2178 |    418 |    544 |    352 |   2 | 1298.0 |
         Sewer |    342 |    342 |      0 |    148 |     20 |   1 |  342.0 |
       Ossuary |    482 |    482 |      0 |     41 |     25 |   1 |  482.0 |
        Bailey |    551 |    551 |      0 |     29 |     84 |   1 |  551.0 |
       Volcano |    573 |    573 |      0 |    128 |     54 |   1 |  573.0 |
               +--------+--------+--------+--------+--------+-----+--------+

Top non-repeatable levels by time:
    D:11: 2290 daAuts
 Snake:4: 2178 daAuts
  Lair:3: 1899 daAuts
 Snake:1: 1839 daAuts
   Orc:2: 1784 daAuts
 Snake:2: 1713 daAuts
    D:14: 1540 daAuts
  Lair:5: 1514 daAuts
     D:5: 1475 daAuts
     D:2: 1431 daAuts
    D:13: 1402 daAuts
  Lair:1: 1282 daAuts
    D:12: 1269 daAuts
 Snake:3: 1263 daAuts
     D:9: 1240 daAuts
